 Dungeon Crawl Stone Soup version 0.30.1-11-g7821555f0a (webtiles) character file.

Game seed: 1051335504968347597

28 Janerl the Poker (level 3, 0/34 HPs)
             Began as a Naga Berserker on Oct 27, 2023.
             Was a Follower of Trog.
             Slain by a gnoll
             ... wielding a +0 halberd
              (9 damage)
             ... on level 2 of the Dungeon.
             The game lasted 00:03:15 (1204 turns).

Janerl the Poker (Naga Berserker)                   Turns: 1204, Time: 00:03:15

Health: 0/34       AC:  2    Str: 19    XL:     3   Next: 14%
Magic:  3/3        EV:  9    Int:  9    God:    Trog [*.....]
Gold:   24         SH:  0    Dex: 10    Spells: 2/2 levels left

rFire   . . .        a - +0 spear
rCold   + . .        (no shield)
rNeg    . . .        b - +0 animal skin
rPois   +            (no helmet)
rElec   .            (no cloak)
rCorr   .            (no gloves)
SInv    +            (no barding)
Will    .....        (no amulet)
Stlth   +            i - ring of protection from cold
HPRegen 0.25/turn    (no ring)
MPRegen 0.08/turn

%: no passive effects
@: very slow
A: AC +1, large, see invisible, deformed body, poison resistance, slowness 2,
spit poison 1, naga tail 1
a: Spit Poison, Renounce Religion, Berserk


You were on level 2 of the Dungeon.
You worshipped Trog.
Trog was aware of your devotion.
You visited 1 branch of the dungeon, and saw 2 of its levels.

You collected 24 gold pieces.

Inventory:

Hand Weapons
 a - a +0 spear (weapon)
Missiles
 h - a throwing net
 j - 5 atropa-tipped darts
Armour
 b - a +0 animal skin (worn)
Jewellery
 i - a ring of protection from cold (left hand)
Scrolls
 e - a scroll of identify {unknown}
 f - a scroll of blinking {unknown}
 g - a scroll of teleportation {unknown}
Potions
 c - a potion of attraction {unknown}
 d - a potion of curing {unknown}


   Skills:
 + Level 3.3 Fighting
 + Level 3.6 Polearms
 + Level 1.7 Armour
 + Level 1.7 Dodging


You had 2 spell levels left.
You didn't know any spells.
Your spell library was empty.

Dungeon Overview and Level Annotations

Branches:
Dungeon (2/15)

Altars:


Innate Abilities, Weirdness & Mutations

Your serpentine skin is tough. (AC +1)
You have supernaturally acute eyesight. (SInv)
Armour fits poorly on your strangely shaped body.
Your system is resistant to poisons. (rPois)
You cover ground very slowly.
You can spit poison.
You have a snake-like lower body.


Message History

The bat hits you.
You closely miss the bat.
The bat is severely wounded.
The bat hits you but does no damage. x2
You miss the bat.
The bat is severely wounded.
The bat hits you. The bat hits you but does no damage.
You miss the bat.
The bat is severely wounded.
The bat hits you but does no damage. The bat hits you.
The bat hits you but does no damage. x2
You hit the bat.
You kill the bat!
Trog accepts your kill.
HP restored.
There is an open door here.
h - a throwing net
Found a stone staircase leading down.
Found a hand axe.
Found a ring mail.
You see here a +0 hand axe.
i - a ring of protection from cold You see here a +0 ring mail.
Found a stone staircase leading up.
i - a ring of protection from cold (left hand)
Found 5 atropa-tipped darts.
A gnoll comes into view. It is wielding a +0 halberd.
The gnoll shouts!
A gnoll comes into view. It is wielding a +0 halberd.
A gnoll comes into view. It is wielding a +0 club.
The gnoll shouts!
You see here 5 atropa-tipped darts.
j - 5 atropa-tipped darts The gnoll hits you from afar with a +0 halberd.
The gnoll barely misses you.
The gnoll hits you from afar with a +0 halberd! x2
* * * LOW HITPOINT WARNING * * *
The gnoll barely misses you.
The gnoll hits you from afar with a +0 halberd!
You die...

#.. #.# #.# ...
#.# #.# #.# # #@#
#.#.# .<.
#####.#g####...
..............#
#####.#g#####.# #
#.#g....#.# . #
##....#.# ####
##...#.#### #..#
###......[.####..#


You could see 3 gnolls.

Vanquished Creatures
  A bat (D:2)
  5 endoplasms (D:1)
  3 giant cockroaches (D:1)
  3 goblins (D:1)
  4 hobgoblins
  5 ball pythons (D:1)
  A frilled lizard (D:1)
  2 kobolds
24 creatures vanquished.

Notes
Turn   | Place    | Note
-------+----------+-------------------------------------------
     0 | D:1      | Janerl the Naga Berserker began the quest for the Orb.
     0 | D:1      | Reached XP level 1. HP: 21/21 MP: 1/1
   109 | D:1      | Found a faded altar of an unknown god.
   371 | D:1      | Reached XP level 2. HP: 21/28 MP: 2/2
   810 | D:1      | Reached XP level 3. HP: 27/34 MP: 3/3
  1204 | D:2      | Slain by a gnoll

Illustrated notes

Levels and vault maps discovered:
D:1:      saegor_arrival_simple_c, layout_basic,
          hellmonk_ecumenical_altar_slurped_away, minmay_tromino_i2
D:2:      layout_basic, kennysheep_pointless_box, minmay_misc_feat_columns

Action                     || total
---------------------------++-------
  Melee: Spear             ||    75
 Armour: Animal skin       ||    14
  Dodge: Dodged            ||    45
